Sarnia Sailors vs Tucson Roadrunners
Created - Wednesday, April 12, 2023 at 07:14
Goals
|
| Sarnia Sailors |
1 |
1 |
1 |
3 |
| Tucson Roadrunners |
2 |
1 |
3 |
6 |
|
Shots
|
| Sarnia Sailors |
12 |
8 |
12 |
32 |
| Tucson Roadrunners |
15 |
11 |
21 |
47 |
|
1st period
1. Tucson Roadrunners , Matthew Nieto 27 (Justin Danforth 21, Rocco Grimaldi 24) at 3:40 (PP)
2. Sarnia Sailors , Dominic Toninato 15 (Vasily Podkolzin 30, Alex Vlasic 14) at 15:48 (PP)
3. Tucson Roadrunners , Matthew Highmore 7 (Scott Reedy 12, William Carrier 17) at 18:55
Penalties :
Dylan McLaughlin (SAR) for Tripping (Minor) at 2:36, Carson Soucy (TRR) for Tripping (Minor) at 9:24, Dominic Toninato (SAR) for Interference (Minor) at 12:56, Marian Studenic (TRR) for Interference (Minor) at 15:37
2nd period
4. Sarnia Sailors , Michael Dal Colle 5 (Nick Ritchie 26, Keegan Kolesar 32) at 6:45
5. Tucson Roadrunners , Matthew Nieto 28 (Rocco Grimaldi 25) at 17:47
Penalties :
Michal Kempny (TRR) for Roughing (Minor) at 2:12, Michal Kempny (TRR) for Hooking (Minor) at 13:23, Keegan Kolesar (SAR) for Hooking (Minor) at 17:50
3rd period
6. Tucson Roadrunners , Rocco Grimaldi 12 (Matthew Nieto 13) at 7:04 (PP)
7. Tucson Roadrunners , Matthew Nieto 29 (Justin Danforth 22, Rocco Grimaldi 26) at 16:24
8. Sarnia Sailors , Dominic Toninato 16 (Alex Vlasic 15) at 16:34
9. Tucson Roadrunners , William Carrier 10 (Matthew Highmore 10) at 19:27 (PP)
Penalties :
Nicolas Meloche (TRR) for Holding Stick (Minor) at 1:36, Vasily Podkolzin (SAR) for Slashing (Minor) at 6:02, Dominic Toninato (SAR) for Interference (Minor) at 7:34, Jack Rathbone (SAR) for Hooking (Minor) at 13:14, Chris Wideman (SAR) for Hooking (Minor) at 18:34
Goalie Stats
Laurent Brossoit (SAR), 41 saves from 47 shots - (0.872), L, 8-9-1, 60:00 minutes
Jaroslav Halak (TRR), 29 saves from 32 shots - (0.906), W, 4-2-0, 60:00 minutes
Players Stats for Sarnia Sailors
Player Name G A P +/- PIM S H SB GA TA FO MP PP MP PK MP
------------------------------------------------------------------------------------
Aleksi Heponiemi 0 0 0 0 0 2 1 0 0 0 0/0 11:08 0:00 1:04
Alex Vlasic 0 2 2 1 0 0 0 3 1 1 0/0 28:21 4:36 6:04
Chris Wideman 0 0 0 0 2 1 1 0 0 0 0/0 9:39 3:31 0:00
Connor Carrick 0 0 0 0 0 0 3 0 0 1 0/0 16:59 0:00 6:32
David Warsofsky 0 0 0 -2 0 0 0 1 0 1 0/0 10:27 0:00 0:00
Dominic Toninato 2 0 2 -1 4 2 0 1 0 1 23/43 23:34 4:52 3:03
Dominic Turgeon 0 0 0 0 0 0 2 0 0 0 2/2 12:09 0:14 2:23
Dylan McLaughlin 0 0 0 0 2 2 3 0 0 1 7/16 16:47 3:01 2:35
Jack Rathbone 0 0 0 1 2 2 2 3 0 0 0/0 23:18 3:31 3:10
Josh Dickinson 0 0 0 0 0 2 3 0 0 3 5/9 12:21 3:01 3:29
Keegan Kolesar 0 1 1 -1 2 2 1 1 1 0 1/2 24:01 5:06 4:01
Michael Dal Colle 1 0 1 0 0 6 0 0 0 0 0/1 12:55 0:00 2:31
Mitchell Vande Sompel 0 0 0 -2 0 0 0 1 0 1 0/0 10:35 0:00 0:00
Nick Ritchie 0 1 1 0 0 7 2 0 0 0 1/1 16:25 3:01 2:44
Rob Hamilton 0 0 0 0 0 2 0 0 1 0 0/0 16:49 0:00 4:51
Seth Barton 0 0 0 0 0 1 0 1 0 0 0/0 13:04 0:00 1:13
Vasily Podkolzin 0 1 1 -1 2 3 1 1 1 0 2/4 19:47 5:06 0:00
Yannick Weber 0 0 0 0 0 0 0 0 0 0 0/1 10:39 4:36 0:00
Players Stats for Tucson Roadrunners
Player Name G A P +/- PIM S H SB GA TA FO MP PP MP PK MP
------------------------------------------------------------------------------------
Andre Lee 0 0 0 0 0 2 0 0 0 0 0/0 5:43 0:00 0:00
Ben Jones 0 0 0 0 0 1 0 0 0 0 1/1 5:43 0:00 0:00
Carson Soucy 0 0 0 0 2 3 1 2 1 1 0/0 28:06 5:31 3:41
Gage Goncalves 0 0 0 0 0 2 0 0 0 0 1/1 6:45 0:40 0:00
Justin Danforth 0 2 2 1 0 5 4 1 0 0 22/37 21:12 6:07 1:58
Lukas Rousek 0 0 0 0 0 0 0 0 0 0 0/1 9:16 0:00 0:00
Marian Studenic 0 0 0 0 2 8 2 1 0 0 0/2 12:26 0:15 1:21
Matthew Highmore 1 1 2 0 0 3 3 0 0 0 0/1 17:35 4:12 1:21
Matthew Nieto 3 1 4 1 0 7 1 1 2 1 4/12 24:18 6:07 4:48
Michal Kempny 0 0 0 0 4 0 2 6 0 0 0/0 21:09 5:24 1:45
Mikhail Maltsev 0 0 0 0 0 2 3 0 0 0 1/3 9:57 0:21 0:00
Nick Seeler 0 0 0 1 0 0 2 1 0 0 0/0 13:18 0:00 3:33
Nicolas Meloche 0 0 0 0 2 1 6 6 0 1 0/0 21:46 5:24 2:28
Robert Hagg 0 0 0 0 0 0 1 1 0 0 0/0 28:08 5:31 4:47
Rocco Grimaldi 1 3 4 1 0 10 2 1 1 1 2/2 24:18 6:09 4:48
Scott Reedy 0 1 1 0 0 1 1 1 0 0 7/16 15:14 4:27 0:00
Simon Benoit 0 0 0 1 0 0 0 1 0 0 0/0 9:28 0:00 0:00
William Carrier 1 1 2 0 0 2 2 0 5 0 0/3 17:26 4:27 1:58
3 Stars
1 - Matthew Nieto (TRR)
2 - Rocco Grimaldi (TRR)
3 - Matthew Highmore (TRR)
Power Play
Sarnia Sailors - 1 on 5 Attempt(s) - 20.00%
Tucson Roadrunners - 3 on 7 Attempt(s) - 42.86%
Penalty Kill
Sarnia Sailors - 4 on 7 Attempt(s) - 57.14%
- Score 0 goal in Penalty Kill
Tucson Roadrunners - 4 on 5 Attempt(s) - 80.00%
- Score 0 goal in Penalty Kill
Team Stat
Sarnia Sailors - Hits : 19 - Faceoff Wins : 41 - Blocked Shots : 12 - Penalty Minutes : 14
Tucson Roadrunners - Hits : 30 - Faceoff Wins : 38 - Blocked Shots : 22 - Penalty Minutes : 10
Official
Referees : Kelly Sutherland and Mike Hasenfratz
Linesman : Steve Barton and Matt MacPherson
Game Notes
Matthew Nieto has scored a Hat Trick!
Sarnia Sailors
5 vs 5 Forward
Center Left Wing Right Wing Time % Phy DF OF
1 Dominic Toninato Keegan Kolesar Vasily Podkolzin 40 1 2 2
2 Dylan McLaughlin Nick Ritchie Michael Dal Colle 30 1 2 2
3 Dominic Turgeon Aleksi Heponiemi Connor Carrick 20 1 2 2
4 Josh Dickinson Chris Wideman Yannick Weber 10 1 2 2
5 vs 5 Defense
Defense Defense Time % Phy DF OF
1 Alex Vlasic Jack Rathbone 40 1 2 2
2 Rob Hamilton Seth Barton 30 1 2 2
3 Mitchell Vande Sompel David Warsofsky 20 1 2 2
4 Connor Carrick Alex Vlasic 10 1 2 2
PowerPlay Forward
Center Left Wing Right Wing Time % Phy DF OF
1 Dominic Toninato Keegan Kolesar Vasily Podkolzin 60 1 2 2
2 Dylan McLaughlin Nick Ritchie Josh Dickinson 40 1 2 2
PowerPlay Defense
Defense Defense Time % Phy DF OF
1 Alex Vlasic Yannick Weber 60 1 2 2
2 Jack Rathbone Chris Wideman 40 1 2 2
Penalty Kill 4 Players Forward
Center Wing Time % Phy DF OF
1 Dominic Toninato Keegan Kolesar 60 1 2 2
2 Dylan McLaughlin Michael Dal Colle 40 1 2 2
Penalty Kill 4 Players Defense
Defense Defense Time % Phy DF OF
1 Alex Vlasic Connor Carrick 60 1 2 2
2 Jack Rathbone Rob Hamilton 40 1 2 2
Penalty Kill - 3 Players Forward
Forward Time % Phy DF OF
1 Dominic Toninato 60 1 2 2
2 Dylan McLaughlin 40 1 2 2
Penalty Kill - 3 Players Defense
Defense Defense Time % Phy DF OF
1 Alex Vlasic Connor Carrick 60 1 2 2
2 Jack Rathbone Rob Hamilton 40 1 2 2
4 vs 4 Forward
Center Wing Time % Phy DF OF
1 Keegan Kolesar Vasily Podkolzin 60 1 2 2
2 Dominic Turgeon Nick Ritchie 40 1 2 2
4 vs 4 Defense
Defense Defense Time % Phy DF OF
1 Alex Vlasic Jack Rathbone 60 1 2 2
2 Connor Carrick Yannick Weber 40 1 2 2
Last Minutes Offensive
Center Left Wing Right Wing Defense Defense
Dominic Toninato Keegan Kolesar Vasily Podkolzin Alex Vlasic Jack Rathbone
Last Minutes Defensive
Center Left Wing Right Wing Defense Defense
Dylan McLaughlin Keegan Kolesar Dominic Toninato Alex Vlasic Connor Carrick
Goaltenders
Starting : Laurent Brossoit
Backup : Matt Tomkins
Extra Forwards
Normal : Josh Dickinson, Nick Ritchie, Aleksi Heponiemi - PP : Josh Dickinson, Nick Ritchie - PK : Josh Dickinson
Extra Defensemen
Normal : Rob Hamilton, Seth Barton, Jack Rathbone - PP : David Warsofsky - PK : Rob Hamilton, Seth Barton
Penalty Shots
Aleksi Heponiemi, Keegan Kolesar, Dominic Toninato, Vasily Podkolzin, Michael Dal Colle
Tucson Roadrunners
5 vs 5 Forward
Center Left Wing Right Wing Time % Phy DF OF
1 Justin Danforth Matthew Nieto Rocco Grimaldi 40 1 2 2
2 Scott Reedy William Carrier Matthew Highmore 30 1 2 2
3 Mikhail Maltsev Lukas Rousek Marian Studenic 20 1 2 2
4 Ben Jones Andre Lee Gage Goncalves 10 1 2 2
5 vs 5 Defense
Defense Defense Time % Phy DF OF
1 Carson Soucy Robert Hagg 40 2 3 0
2 Nicolas Meloche Michal Kempny 30 2 3 0
3 Simon Benoit Nick Seeler 20 2 3 0
4 Carson Soucy Robert Hagg 10 1 2 2
PowerPlay Forward
Center Left Wing Right Wing Time % Phy DF OF
1 Justin Danforth Matthew Nieto Rocco Grimaldi 60 1 0 4
2 Scott Reedy William Carrier Matthew Highmore 40 1 0 4
PowerPlay Defense
Defense Defense Time % Phy DF OF
1 Carson Soucy Robert Hagg 60 0 4 1
2 Nicolas Meloche Michal Kempny 40 0 4 1
Penalty Kill 4 Players Forward
Center Wing Time % Phy DF OF
1 Matthew Nieto Rocco Grimaldi 60 1 4 0
2 William Carrier Justin Danforth 40 1 4 0
Penalty Kill 4 Players Defense
Defense Defense Time % Phy DF OF
1 Carson Soucy Robert Hagg 60 1 4 0
2 Nicolas Meloche Michal Kempny 40 1 4 0
Penalty Kill - 3 Players Forward
Forward Time % Phy DF OF
1 Matthew Nieto 60 2 3 0
2 Rocco Grimaldi 40 0 1 4
Penalty Kill - 3 Players Defense
Defense Defense Time % Phy DF OF
1 Carson Soucy Robert Hagg 60 2 3 0
2 Nicolas Meloche Michal Kempny 40 2 3 0
4 vs 4 Forward
Center Wing Time % Phy DF OF
1 Matthew Nieto Rocco Grimaldi 60 1 2 2
2 William Carrier Justin Danforth 40 1 2 2
4 vs 4 Defense
Defense Defense Time % Phy DF OF
1 Carson Soucy Robert Hagg 60 1 2 2
2 Nicolas Meloche Michal Kempny 40 1 2 2
Last Minutes Offensive
Center Left Wing Right Wing Defense Defense
Justin Danforth Matthew Nieto Rocco Grimaldi Carson Soucy Robert Hagg
Last Minutes Defensive
Center Left Wing Right Wing Defense Defense
Justin Danforth Matthew Nieto Rocco Grimaldi Carson Soucy Robert Hagg
Goaltenders
Starting : Jaroslav Halak
Backup : Arturs Silovs
Extra Forwards
Normal : Gage Goncalves, Mikhail Maltsev, Marian Studenic - PP : Gage Goncalves, Mikhail Maltsev - PK : Marian Studenic
Extra Defensemen
Normal : Simon Benoit, Nick Seeler, Nicolas Meloche - PP : Simon Benoit - PK : Nick Seeler, Nicolas Meloche
Penalty Shots
Matthew Nieto, Rocco Grimaldi, William Carrier, Justin Danforth, Scott Reedy
% Time on Ice - Sarnia Sailors
Lines # - Real PCT - Wanted PCT - Time Play
Normal Forward
1 - 39% - 40% - 15:47
2 - 25% - 30% - 10:25
3 - 23% - 20% - 9:17
4 - 13% - 10% - 5:29
Normal Defense
1 - 40% - 40% - 16:20
2 - 31% - 30% - 12:50
3 - 26% - 20% - 10:27
4 - 3% - 10% - 1:21
PP Forward
1 - 63% - 60% - 5:06
2 - 37% - 40% - 3:01
PP Defense
1 - 57% - 60% - 4:36
2 - 43% - 40% - 3:31
PK Forward
1 - 77% - 60% - 8:24
2 - 23% - 40% - 2:31
PK Defense
1 - 60% - 60% - 6:32
2 - 40% - 40% - 4:23
PK3 Forward
1 - 0% - 60%
2 - 0% - 40%
PK3 Defense
1 - 0% - 60%
2 - 0% - 40%
44 Forward
1 - 0% - 60%
2 - 0% - 40%
44 Defense
1 - 0% - 60%
2 - 0% - 40%
Last Minute Offensive - 0:00
Last Minute Defensive - 0:00
Total
Forward - 60:00
Defense - 60:00
|
% Time on Ice - Tucson Roadrunners
Lines # - Real PCT - Wanted PCT - Time Play
Normal Forward
1 - 37% - 40% - 14:58
2 - 27% - 30% - 11:01
3 - 23% - 20% - 9:16
4 - 14% - 10% - 5:43
Normal Defense
1 - 42% - 40% - 17:10
2 - 33% - 30% - 13:40
3 - 23% - 20% - 9:28
4 - 2% - 10% - 0:40
PP Forward
1 - 59% - 60% - 6:28
2 - 41% - 40% - 4:27
PP Defense
1 - 51% - 60% - 5:31
2 - 49% - 40% - 5:24
PK Forward
1 - 76% - 60% - 6:09
2 - 24% - 40% - 1:58
PK Defense
1 - 59% - 60% - 4:47
2 - 41% - 40% - 3:20
PK3 Forward
1 - 0% - 60%
2 - 0% - 40%
PK3 Defense
1 - 0% - 60%
2 - 0% - 40%
44 Forward
1 - 0% - 60%
2 - 0% - 40%
44 Defense
1 - 0% - 60%
2 - 0% - 40%
Last Minute Offensive - 0:00
Last Minute Defensive - 0:00
Total
Forward - 60:00
Defense - 60:00
|
Play-by-Play
1st period
0:01 of 1st period - Rocco Grimaldi wins face-off versus Dominic Toninato in neutral zone.
0:28 of 1st period - Wrist shot by William Carrier.
0:28 of 1st period - Shot Misses the Net.
0:48 of 1st period - Alex Vlasic is hit by Mikhail Maltsev and loses puck.
1:12 of 1st period - Slapshot by Josh Dickinson.
1:12 of 1st period - Stopped by Jaroslav Halak without a rebound.
1:13 of 1st period - Justin Danforth wins face-off versus Josh Dickinson in Tucson Roadrunners zone.
1:18 of 1st period - Snap shot by Justin Danforth.
1:18 of 1st period - Shot Blocked by Seth Barton.
2:19 of 1st period - Seth Barton is hit by Nicolas Meloche and loses puck.
2:36 of 1st period - Minor Penalty to Dylan McLaughlin for Tripping.
2:37 of 1st period - Dominic Toninato wins face-off versus Justin Danforth in Sarnia Sailors zone.
2:41 of 1st period - Off-side.
2:42 of 1st period - Dominic Toninato wins face-off versus Justin Danforth in neutral zone.
3:06 of 1st period - Snap shot by Michael Dal Colle.
3:06 of 1st period - Shot Blocked by Rocco Grimaldi.
3:16 of 1st period - Slapshot by Rocco Grimaldi.
3:16 of 1st period - Shot Misses the Net.
3:38 of 1st period - Wrist shot by Justin Danforth.
3:38 of 1st period - Stopped by Laurent Brossoit with a rebound.
3:40 of 1st period - Wrist shot by Matthew Nieto.
3:40 of 1st period - Goal by Matthew Nieto - Sarnia Sailors : 0 - Tucson Roadrunners : 1.
3:41 of 1st period - Dominic Toninato wins face-off versus Matthew Highmore in neutral zone.
4:13 of 1st period - Nick Ritchie is hit by Mikhail Maltsev.
4:32 of 1st period - Marian Studenic is hit by Connor Carrick and loses puck.
4:42 of 1st period - Off-side.
4:43 of 1st period - Justin Danforth wins face-off versus Vasily Podkolzin in neutral zone.
5:35 of 1st period - Snap shot by Nick Ritchie.
5:35 of 1st period - Deflect By Dylan McLaughlin.
5:35 of 1st period - Shot Misses the Net.
5:35 of 1st period - Puck is out of play.
5:36 of 1st period - Gage Goncalves wins face-off versus Dylan McLaughlin in Tucson Roadrunners zone.
5:49 of 1st period - Backhand shot by Andre Lee.
5:49 of 1st period - Shot Blocked by Jack Rathbone.
5:51 of 1st period - Snap shot by Gage Goncalves.
5:51 of 1st period - Stopped by Laurent Brossoit with a rebound.
5:53 of 1st period - Wrist shot by Nick Seeler.
5:53 of 1st period - Shot Misses the Net.
5:55 of 1st period - Slapshot by Simon Benoit.
5:55 of 1st period - Shot Misses the Net.
5:57 of 1st period - Snap shot by Andre Lee.
5:57 of 1st period - Stopped by Laurent Brossoit without a rebound.
5:58 of 1st period - Dominic Toninato wins face-off versus Justin Danforth in Sarnia Sailors zone.
6:13 of 1st period - Slapshot by Vasily Podkolzin.
6:13 of 1st period - Shot Misses the Net.
6:33 of 1st period - Robert Hagg is hit by Josh Dickinson and loses puck.
7:12 of 1st period - Wrist shot by Marian Studenic.
7:12 of 1st period - Stopped by Laurent Brossoit with a rebound.
7:14 of 1st period - Snap shot by Matthew Nieto.
7:14 of 1st period - Shot Misses the Net.
7:16 of 1st period - Wrist shot by Justin Danforth.
7:16 of 1st period - Shot Blocked by Dominic Toninato.
7:18 of 1st period - Wrist shot by Justin Danforth.
7:18 of 1st period - Stopped by Laurent Brossoit without a rebound.
7:19 of 1st period - Dominic Turgeon wins face-off versus Justin Danforth in Sarnia Sailors zone.
7:30 of 1st period - Snap shot by Matthew Nieto.
7:30 of 1st period - Stopped by Laurent Brossoit with a rebound.
7:44 of 1st period - Connor Carrick is hit by Nicolas Meloche and loses puck.
7:53 of 1st period - Snap shot by Ben Jones.
7:53 of 1st period - Stopped by Laurent Brossoit without a rebound.
7:54 of 1st period - Dominic Toninato wins face-off versus Justin Danforth in Sarnia Sailors zone.
8:03 of 1st period - Wrist shot by Keegan Kolesar.
8:03 of 1st period - Deflect By Vasily Podkolzin.
8:03 of 1st period - Shot Misses the Net.
8:03 of 1st period - Puck is out of play.
8:04 of 1st period - Justin Danforth wins face-off versus Dominic Toninato in Tucson Roadrunners zone.
8:09 of 1st period - Wrist shot by Rocco Grimaldi.
8:09 of 1st period - Stopped by Laurent Brossoit with a rebound.
8:19 of 1st period - Slapshot by Vasily Podkolzin.
8:19 of 1st period - Stopped by Jaroslav Halak with a rebound.
8:21 of 1st period - Slapshot by Jack Rathbone.
8:21 of 1st period - Stopped by Jaroslav Halak with a rebound.
8:23 of 1st period - Snap shot by Alex Vlasic.
8:23 of 1st period - Shot Misses the Net.
8:25 of 1st period - Snap shot by Keegan Kolesar.
8:25 of 1st period - Shot Blocked by Justin Danforth.
8:27 of 1st period - Slapshot by Dominic Toninato.
8:27 of 1st period - Deflect By Vasily Podkolzin.
8:27 of 1st period - Shot Misses the Net.
8:27 of 1st period - Puck is out of play.
8:28 of 1st period - Scott Reedy wins face-off versus Dylan McLaughlin in Tucson Roadrunners zone.
8:41 of 1st period - Snap shot by William Carrier.
8:41 of 1st period - Deflect By Scott Reedy.
8:41 of 1st period - Stopped by Laurent Brossoit without a rebound.
8:42 of 1st period - Vasily Podkolzin wins face-off versus Justin Danforth in Sarnia Sailors zone.
8:59 of 1st period - Robert Hagg is hit by Vasily Podkolzin.
9:24 of 1st period - Minor Penalty to Carson Soucy for Tripping.
9:25 of 1st period - Dominic Toninato wins face-off versus Matthew Nieto in Tucson Roadrunners zone.
9:32 of 1st period - Slapshot by Keegan Kolesar.
9:32 of 1st period - Deflect By Vasily Podkolzin.
9:32 of 1st period - Shot Blocked by Michal Kempny.
9:32 of 1st period - Puck is out of play.
9:33 of 1st period - Keegan Kolesar wins face-off versus Matthew Nieto in Tucson Roadrunners zone.
9:36 of 1st period - Snap shot by Keegan Kolesar.
9:36 of 1st period - Deflect By Rocco Grimaldi.
9:36 of 1st period - Shot Blocked by Michal Kempny.
9:36 of 1st period - Puck is out of play.
9:37 of 1st period - Dominic Toninato wins face-off versus Matthew Nieto in Tucson Roadrunners zone.
10:02 of 1st period - Robert Hagg is hit by Josh Dickinson and loses puck.
10:15 of 1st period - Wrist shot by Justin Danforth.
10:15 of 1st period - Shot Blocked by Alex Vlasic.
11:24 of 1st period - Penalty to Carson Soucy is over, Carson Soucy is back on ice.
11:43 of 1st period - Alex Vlasic is hit by Matthew Highmore and loses puck.
11:50 of 1st period - Dominic Turgeon is hit by Michal Kempny and loses puck.
11:59 of 1st period - Rob Hamilton is hit by Michal Kempny and loses puck.
12:25 of 1st period - Simon Benoit is hit by Dominic Turgeon and loses puck.
12:36 of 1st period - Wrist shot by Aleksi Heponiemi.
12:36 of 1st period - Shot Misses the Net.
12:38 of 1st period - Slapshot by Rob Hamilton.
12:38 of 1st period - Stopped by Jaroslav Halak without a rebound.
12:39 of 1st period - Justin Danforth wins face-off versus Dominic Toninato in Tucson Roadrunners zone.
12:56 of 1st period - Minor Penalty to Dominic Toninato for Interference.
12:57 of 1st period - Justin Danforth wins face-off versus Josh Dickinson in Sarnia Sailors zone.
14:31 of 1st period - Michal Kempny is hit by Jack Rathbone and loses puck.
14:56 of 1st period - Penalty to Dominic Toninato is over, Dominic Toninato is back on ice.
15:01 of 1st period - Aleksi Heponiemi is hit by Robert Hagg and loses puck.
15:19 of 1st period - Andre Lee is hit by Dylan McLaughlin and loses puck.
15:32 of 1st period - Wrist shot by Aleksi Heponiemi.
15:32 of 1st period - Stopped by Jaroslav Halak without a rebound.
15:33 of 1st period - Mikhail Maltsev wins face-off versus Josh Dickinson in Tucson Roadrunners zone.
15:37 of 1st period - Minor Penalty to Marian Studenic for Interference.
15:38 of 1st period - Dominic Toninato wins face-off versus Matthew Nieto in Tucson Roadrunners zone.
15:40 of 1st period - Snap shot by Vasily Podkolzin.
15:40 of 1st period - Shot Misses the Net.
15:46 of 1st period - Snap shot by Vasily Podkolzin.
15:46 of 1st period - Stopped by Jaroslav Halak with a rebound.
15:48 of 1st period - Slapshot by Dominic Toninato.
15:48 of 1st period - Goal by Dominic Toninato - Sarnia Sailors : 1 - Tucson Roadrunners : 1.
15:49 of 1st period - Dominic Toninato wins face-off versus Scott Reedy in neutral zone.
16:20 of 1st period - Wrist shot by Dylan McLaughlin.
16:20 of 1st period - Stopped by Jaroslav Halak with a rebound.
16:22 of 1st period - Wrist shot by Nick Ritchie.
16:22 of 1st period - Stopped by Jaroslav Halak without a rebound.
16:23 of 1st period - Dylan McLaughlin wins face-off versus Scott Reedy in Tucson Roadrunners zone.
16:24 of 1st period - Slapshot by Nick Ritchie.
16:24 of 1st period - Shot Blocked by Nicolas Meloche.
16:37 of 1st period - Wrist shot by Nick Ritchie.
16:37 of 1st period - Shot Misses the Net.
17:11 of 1st period - Snap shot by Vasily Podkolzin.
17:11 of 1st period - Stopped by Jaroslav Halak with a rebound.
17:13 of 1st period - Slapshot by Jack Rathbone.
17:13 of 1st period - Stopped by Jaroslav Halak with a rebound.
17:15 of 1st period - Slapshot by Jack Rathbone.
17:15 of 1st period - Shot Blocked by Carson Soucy.
17:17 of 1st period - Wrist shot by Dominic Turgeon.
17:17 of 1st period - Shot Misses the Net.
18:06 of 1st period - Nick Seeler is hit by Nick Ritchie and loses puck.
18:37 of 1st period - Rob Hamilton is hit by Marian Studenic.
18:41 of 1st period - Snap shot by Marian Studenic.
18:41 of 1st period - Stopped by Laurent Brossoit with a rebound.
18:43 of 1st period - Snap shot by Marian Studenic.
18:43 of 1st period - Stopped by Laurent Brossoit without a rebound.
18:44 of 1st period - Scott Reedy wins face-off versus Dominic Toninato in Sarnia Sailors zone.
18:51 of 1st period - Slapshot by Matthew Highmore.
18:51 of 1st period - Shot Misses the Net.
18:55 of 1st period - Slapshot by Matthew Highmore.
18:55 of 1st period - Goal by Matthew Highmore - Sarnia Sailors : 1 - Tucson Roadrunners : 2.
18:56 of 1st period - Scott Reedy wins face-off versus Dominic Toninato in neutral zone.
18:59 of 1st period - Slapshot by Carson Soucy.
18:59 of 1st period - Stopped by Laurent Brossoit without a rebound.
19:00 of 1st period - Dominic Toninato wins face-off versus Scott Reedy in Sarnia Sailors zone.
19:11 of 1st period - Backhand shot by Keegan Kolesar.
19:11 of 1st period - Stopped by Jaroslav Halak with a rebound.
19:38 of 1st period - Snap shot by Marian Studenic.
19:38 of 1st period - Stopped by Laurent Brossoit with a rebound.
19:57 of 1st period - Off-side.
19:58 of 1st period - Dylan McLaughlin wins face-off versus Scott Reedy in neutral zone.
Goals for this period are 1 for Sarnia Sailors vs 2 for Tucson Roadrunners.
Shots for this period are 12 for Sarnia Sailors vs 15 for Tucson Roadrunners.
2nd period
0:01 of 2nd period - Justin Danforth wins face-off versus Dominic Toninato in neutral zone.
0:03 of 2nd period - Off-side.
0:04 of 2nd period - Justin Danforth wins face-off versus Dominic Toninato in neutral zone.
0:29 of 2nd period - Slapshot by Nick Ritchie.
0:29 of 2nd period - Deflect By Michael Dal Colle.
0:29 of 2nd period - Stopped by Jaroslav Halak with a rebound.
0:31 of 2nd period - Wrist shot by Michael Dal Colle.
0:31 of 2nd period - Shot Misses the Net.
0:33 of 2nd period - Snap shot by Michael Dal Colle.
0:33 of 2nd period - Stopped by Jaroslav Halak with a rebound.
0:35 of 2nd period - Snap shot by Dylan McLaughlin.
0:35 of 2nd period - Deflect By Nick Ritchie.
0:35 of 2nd period - Deflect By Scott Reedy.
0:35 of 2nd period - Shot Blocked by Carson Soucy.
0:35 of 2nd period - Puck is out of play.
0:36 of 2nd period - Scott Reedy wins face-off versus Michael Dal Colle in Tucson Roadrunners zone.
0:36 of 2nd period - Scott Reedy is hit by Dylan McLaughlin.
0:43 of 2nd period - Off-side.
0:44 of 2nd period - Scott Reedy wins face-off versus Dylan McLaughlin in neutral zone.
1:00 of 2nd period - Icing by Matthew Highmore.
1:01 of 2nd period - Scott Reedy wins face-off versus Dominic Toninato in Tucson Roadrunners zone.
1:10 of 2nd period - Slapshot by Matthew Highmore.
1:10 of 2nd period - Stopped by Laurent Brossoit with a rebound.
1:55 of 2nd period - Alex Vlasic is hit by Nicolas Meloche and loses puck.
2:12 of 2nd period - Minor Penalty to Michal Kempny for Roughing.
2:13 of 2nd period - Dominic Toninato wins face-off versus Matthew Nieto in Tucson Roadrunners zone.
2:16 of 2nd period - Slapshot by Vasily Podkolzin.
2:16 of 2nd period - Shot Blocked by Matthew Nieto.
2:46 of 2nd period - Slapshot by Chris Wideman.
2:46 of 2nd period - Stopped by Jaroslav Halak without a rebound.
2:47 of 2nd period - Dominic Toninato wins face-off versus Marian Studenic in Tucson Roadrunners zone.
2:50 of 2nd period - Snap shot by Dominic Toninato.
2:50 of 2nd period - Shot Blocked by Nick Seeler.
2:52 of 2nd period - Snap shot by Vasily Podkolzin.
2:52 of 2nd period - Deflect By Nick Seeler.
2:52 of 2nd period - Shot Hit the Post.
2:52 of 2nd period - Puck is out of play.
2:53 of 2nd period - Vasily Podkolzin wins face-off versus Marian Studenic in Tucson Roadrunners zone.
3:06 of 2nd period - Snap shot by Vasily Podkolzin.
3:06 of 2nd period - Shot Blocked by Nicolas Meloche.
4:08 of 2nd period - Vasily Podkolzin is hit by Rocco Grimaldi.
4:12 of 2nd period - Penalty to Michal Kempny is over, Michal Kempny is back on ice.
4:12 of 2nd period - Rocco Grimaldi is hit by Jack Rathbone and loses puck.
4:33 of 2nd period - Snap shot by Rocco Grimaldi.
4:33 of 2nd period - Stopped by Laurent Brossoit with a rebound.
4:41 of 2nd period - Wrist shot by Rocco Grimaldi.
4:41 of 2nd period - Deflect By Matthew Nieto.
4:41 of 2nd period - Shot Blocked by Jack Rathbone.
4:41 of 2nd period - Puck is out of play.
4:42 of 2nd period - Dylan McLaughlin wins face-off versus Scott Reedy in Sarnia Sailors zone.
5:08 of 2nd period - Rob Hamilton is hit by Carson Soucy and loses puck.
5:56 of 2nd period - Connor Carrick is hit by Nick Seeler and loses puck.
6:03 of 2nd period - Justin Danforth is hit by Aleksi Heponiemi and loses puck.
6:13 of 2nd period - Off-side.
6:14 of 2nd period - Dominic Toninato wins face-off versus Lukas Rousek in neutral zone.
6:25 of 2nd period - Wrist shot by Keegan Kolesar.
6:25 of 2nd period - Stopped by Jaroslav Halak with a rebound.
6:45 of 2nd period - Wrist shot by Michael Dal Colle.
6:45 of 2nd period - Goal by Michael Dal Colle - Sarnia Sailors : 2 - Tucson Roadrunners : 2.
6:46 of 2nd period - Justin Danforth wins face-off versus Dominic Toninato in neutral zone.
6:49 of 2nd period - Slapshot by Carson Soucy.
6:49 of 2nd period - Shot Misses the Net.
6:55 of 2nd period - Jack Rathbone is hit by Justin Danforth and loses puck.
7:12 of 2nd period - Carson Soucy is hit by Connor Carrick and loses puck.
7:27 of 2nd period - Snap shot by Rocco Grimaldi.
7:27 of 2nd period - Stopped by Laurent Brossoit without a rebound.
7:28 of 2nd period - Dominic Toninato wins face-off versus Scott Reedy in Sarnia Sailors zone.
7:53 of 2nd period - Mikhail Maltsev is hit by Nick Ritchie and loses puck.
8:04 of 2nd period - Snap shot by Nick Ritchie.
8:04 of 2nd period - Stopped by Jaroslav Halak with a rebound.
8:06 of 2nd period - Slapshot by Seth Barton.
8:06 of 2nd period - Shot Blocked by Nicolas Meloche.
8:45 of 2nd period - Chris Wideman is hit by Matthew Highmore and loses puck.
9:21 of 2nd period - Dominic Turgeon is hit by Mikhail Maltsev and loses puck.
9:30 of 2nd period - Slapshot by Mikhail Maltsev.
9:30 of 2nd period - Stopped by Laurent Brossoit with a rebound.
9:32 of 2nd period - Slapshot by Nicolas Meloche.
9:32 of 2nd period - Stopped by Laurent Brossoit with a rebound.
9:54 of 2nd period - Seth Barton is hit by Nicolas Meloche and loses puck.
10:05 of 2nd period - Dominic Toninato is hit by William Carrier and loses puck.
10:15 of 2nd period - Icing by David Warsofsky.
10:16 of 2nd period - Dominic Toninato wins face-off versus Justin Danforth in Sarnia Sailors zone.
10:16 of 2nd period - Dominic Toninato is hit by Justin Danforth.
10:53 of 2nd period - Slapshot by Vasily Podkolzin.
10:53 of 2nd period - Shot Misses the Net.
11:32 of 2nd period - Snap shot by Aleksi Heponiemi.
11:32 of 2nd period - Shot Blocked by Nicolas Meloche.
11:48 of 2nd period - Wrist shot by Matthew Nieto.
11:48 of 2nd period - Stopped by Laurent Brossoit without a rebound.
11:49 of 2nd period - Josh Dickinson wins face-off versus Matthew Nieto in Sarnia Sailors zone.
12:04 of 2nd period - Snap shot by Justin Danforth.
12:04 of 2nd period - Shot Misses the Net.
12:14 of 2nd period - Wrist shot by Mikhail Maltsev.
12:14 of 2nd period - Shot Misses the Net.
12:36 of 2nd period - Snap shot by Josh Dickinson.
12:36 of 2nd period - Deflect By Yannick Weber.
12:36 of 2nd period - Shot Misses the Net.
12:36 of 2nd period - Puck is out of play.
12:37 of 2nd period - Justin Danforth wins face-off versus Dominic Toninato in Tucson Roadrunners zone.
12:41 of 2nd period - Off-side.
12:42 of 2nd period - Dominic Toninato wins face-off versus Justin Danforth in neutral zone.
12:47 of 2nd period - Slapshot by Keegan Kolesar.
12:47 of 2nd period - Shot Blocked by Nicolas Meloche.
13:07 of 2nd period - Snap shot by Nick Ritchie.
13:07 of 2nd period - Stopped by Jaroslav Halak with a rebound.
13:11 of 2nd period - Snap shot by Nick Ritchie.
13:11 of 2nd period - Stopped by Jaroslav Halak with a rebound.
13:13 of 2nd period - Snap shot by Michael Dal Colle.
13:13 of 2nd period - Shot Misses the Net.
13:15 of 2nd period - Wrist shot by Nick Ritchie.
13:15 of 2nd period - Shot Blocked by Scott Reedy.
13:17 of 2nd period - Wrist shot by Michael Dal Colle.
13:17 of 2nd period - Shot Hit the Post.
13:23 of 2nd period - Minor Penalty to Michal Kempny for Hooking.
13:24 of 2nd period - Rocco Grimaldi wins face-off versus Dominic Toninato in Tucson Roadrunners zone.
14:27 of 2nd period - Snap shot by Matthew Highmore.
14:27 of 2nd period - Shot Misses the Net.
14:29 of 2nd period - Slapshot by Nicolas Meloche.
14:29 of 2nd period - Deflect By Marian Studenic.
14:29 of 2nd period - Stopped by Laurent Brossoit with a rebound.
14:31 of 2nd period - Snap shot by Matthew Highmore.
14:31 of 2nd period - Stopped by Laurent Brossoit with a rebound.
15:23 of 2nd period - Penalty to Michal Kempny is over, Michal Kempny is back on ice.
16:01 of 2nd period - Robert Hagg is hit by Dominic Turgeon and loses puck.
16:09 of 2nd period - Icing by Robert Hagg.
16:10 of 2nd period - Josh Dickinson wins face-off versus Scott Reedy in Tucson Roadrunners zone.
16:42 of 2nd period - Wrist shot by Ben Jones.
16:42 of 2nd period - Shot Blocked by Mitchell Vande Sompel.
16:44 of 2nd period - Snap shot by Robert Hagg.
16:44 of 2nd period - Shot Hit the Post.
16:46 of 2nd period - Snap shot by Carson Soucy.
16:46 of 2nd period - Shot Misses the Net.
16:48 of 2nd period - Snap shot by Andre Lee.
16:48 of 2nd period - Stopped by Laurent Brossoit without a rebound.
16:49 of 2nd period - Justin Danforth wins face-off versus Dylan McLaughlin in Sarnia Sailors zone.
17:02 of 2nd period - Slapshot by Nick Ritchie.
17:02 of 2nd period - Shot Misses the Net.
17:14 of 2nd period - Aleksi Heponiemi is hit by William Carrier and loses puck.
17:41 of 2nd period - Slapshot by Marian Studenic.
17:41 of 2nd period - Stopped by Laurent Brossoit without a rebound.
17:42 of 2nd period - Matthew Nieto wins face-off versus Dylan McLaughlin in Sarnia Sailors zone.
17:45 of 2nd period - Slapshot by Rocco Grimaldi.
17:45 of 2nd period - Shot Misses the Net.
17:47 of 2nd period - Wrist shot by Matthew Nieto.
17:47 of 2nd period - Goal by Matthew Nieto - Sarnia Sailors : 2 - Tucson Roadrunners : 3.
17:48 of 2nd period - Dominic Toninato wins face-off versus Justin Danforth in neutral zone.
17:50 of 2nd period - Minor Penalty to Keegan Kolesar for Hooking.
17:51 of 2nd period - Justin Danforth wins face-off versus Dominic Toninato in Sarnia Sailors zone.
19:50 of 2nd period - Penalty to Keegan Kolesar is over, Keegan Kolesar is back on ice.
Goals for this period are 1 for Sarnia Sailors vs 1 for Tucson Roadrunners.
Shots for this period are 8 for Sarnia Sailors vs 11 for Tucson Roadrunners.
3rd period
0:01 of 3rd period - Justin Danforth wins face-off versus Dominic Toninato in neutral zone.
0:04 of 3rd period - Jack Rathbone is hit by Justin Danforth and loses puck.
1:21 of 3rd period - Wrist shot by Ben Jones.
1:21 of 3rd period - Deflect By Gage Goncalves.
1:21 of 3rd period - Shot Misses the Net.
1:21 of 3rd period - Puck is out of play.
1:22 of 3rd period - Dylan McLaughlin wins face-off versus Justin Danforth in Sarnia Sailors zone.
1:27 of 3rd period - Wrist shot by Michael Dal Colle.
1:27 of 3rd period - Deflect By Nick Ritchie.
1:27 of 3rd period - Shot Blocked by Simon Benoit.
1:27 of 3rd period - Puck is out of play.
1:28 of 3rd period - Justin Danforth wins face-off versus Dylan McLaughlin in Tucson Roadrunners zone.
1:36 of 3rd period - Minor Penalty to Nicolas Meloche for Holding Stick.
1:37 of 3rd period - Dominic Toninato wins face-off versus Matthew Nieto in Tucson Roadrunners zone.
1:51 of 3rd period - Alex Vlasic is hit by Rocco Grimaldi and loses puck.
2:36 of 3rd period - Keegan Kolesar is hit by Nick Seeler and loses puck.
2:43 of 3rd period - Matthew Nieto is hit by Keegan Kolesar and loses puck.
3:04 of 3rd period - Slapshot by Keegan Kolesar.
3:04 of 3rd period - Shot Blocked by Michal Kempny.
3:06 of 3rd period - Wrist shot by Jack Rathbone.
3:06 of 3rd period - Deflect By Vasily Podkolzin.
3:06 of 3rd period - Shot Blocked by Michal Kempny.
3:06 of 3rd period - Puck is out of play.
3:07 of 3rd period - Dylan McLaughlin wins face-off versus William Carrier in Tucson Roadrunners zone.
3:08 of 3rd period - Snap shot by Nick Ritchie.
3:08 of 3rd period - Deflect By Dylan McLaughlin.
3:08 of 3rd period - Shot Misses the Net.
3:08 of 3rd period - Puck is out of play.
3:09 of 3rd period - Nick Ritchie wins face-off versus William Carrier in Tucson Roadrunners zone.
3:12 of 3rd period - Wrist shot by Nick Ritchie.
3:12 of 3rd period - Stopped by Jaroslav Halak with a rebound.
3:16 of 3rd period - Snap shot by Nick Ritchie.
3:16 of 3rd period - Deflect By Josh Dickinson.
3:16 of 3rd period - Stopped by Jaroslav Halak without a rebound.
3:17 of 3rd period - Dylan McLaughlin wins face-off versus William Carrier in Tucson Roadrunners zone.
3:18 of 3rd period - Wrist shot by Nick Ritchie.
3:18 of 3rd period - Stopped by Jaroslav Halak with a rebound.
3:20 of 3rd period - Snap shot by Josh Dickinson.
3:20 of 3rd period - Deflect By Dylan McLaughlin.
3:20 of 3rd period - Shot Misses the Net.
3:20 of 3rd period - Puck is out of play.
3:21 of 3rd period - Matthew Nieto wins face-off versus Dylan McLaughlin in Tucson Roadrunners zone.
3:36 of 3rd period - Penalty to Nicolas Meloche is over, Nicolas Meloche is back on ice.
3:46 of 3rd period - Snap shot by Justin Danforth.
3:46 of 3rd period - Stopped by Laurent Brossoit with a rebound.
3:48 of 3rd period - Snap shot by Justin Danforth.
3:48 of 3rd period - Stopped by Laurent Brossoit without a rebound.
3:49 of 3rd period - Dylan McLaughlin wins face-off versus Matthew Nieto in Sarnia Sailors zone.
3:56 of 3rd period - Slapshot by Rob Hamilton.
3:56 of 3rd period - Stopped by Jaroslav Halak without a rebound.
3:57 of 3rd period - Justin Danforth wins face-off versus Dylan McLaughlin in Tucson Roadrunners zone.
4:09 of 3rd period - Snap shot by Dylan McLaughlin.
4:09 of 3rd period - Stopped by Jaroslav Halak with a rebound.
4:11 of 3rd period - Snap shot by Nick Ritchie.
4:11 of 3rd period - Shot Misses the Net.
4:15 of 3rd period - Slapshot by Nick Ritchie.
4:15 of 3rd period - Stopped by Jaroslav Halak with a rebound.
4:17 of 3rd period - Wrist shot by Michael Dal Colle.
4:17 of 3rd period - Shot Blocked by Michal Kempny.
4:19 of 3rd period - Wrist shot by Nick Ritchie.
4:19 of 3rd period - Deflect By Michael Dal Colle.
4:19 of 3rd period - Stopped by Jaroslav Halak with a rebound.
4:21 of 3rd period - Slapshot by Seth Barton.
4:21 of 3rd period - Stopped by Jaroslav Halak with a rebound.
4:23 of 3rd period - Slapshot by Seth Barton.
4:23 of 3rd period - Shot Blocked by Michal Kempny.
4:37 of 3rd period - Snap shot by Dylan McLaughlin.
4:37 of 3rd period - Shot Misses the Net.
4:39 of 3rd period - Wrist shot by Michael Dal Colle.
4:39 of 3rd period - Stopped by Jaroslav Halak without a rebound.
4:40 of 3rd period - Scott Reedy wins face-off versus Dominic Toninato in Tucson Roadrunners zone.
5:41 of 3rd period - Snap shot by Marian Studenic.
5:41 of 3rd period - Stopped by Laurent Brossoit with a rebound.
5:43 of 3rd period - Slapshot by Lukas Rousek.
5:43 of 3rd period - Shot Misses the Net.
5:45 of 3rd period - Wrist shot by Lukas Rousek.
5:45 of 3rd period - Shot Misses the Net.
6:02 of 3rd period - Minor Penalty to Vasily Podkolzin for Slashing.
6:03 of 3rd period - Justin Danforth wins face-off versus Dominic Toninato in Sarnia Sailors zone.
6:03 of 3rd period - Snap shot by Matthew Nieto.
6:03 of 3rd period - Stopped by Laurent Brossoit with a rebound.
6:41 of 3rd period - Wrist shot by Michael Dal Colle.
6:41 of 3rd period - Stopped by Jaroslav Halak with a rebound.
6:43 of 3rd period - Slapshot by Alex Vlasic.
6:43 of 3rd period - Shot Misses the Net.
6:45 of 3rd period - Snap shot by Michael Dal Colle.
6:45 of 3rd period - Shot Blocked by Nicolas Meloche.
6:47 of 3rd period - Slapshot by Connor Carrick.
6:47 of 3rd period - Deflect By Michael Dal Colle.
6:47 of 3rd period - Shot Misses the Net.
6:47 of 3rd period - Puck is out of play.
6:48 of 3rd period - Dominic Toninato wins face-off versus Justin Danforth in Tucson Roadrunners zone.
6:57 of 3rd period - Jack Rathbone is hit by Matthew Nieto and loses puck.
7:04 of 3rd period - Wrist shot by Rocco Grimaldi.
7:04 of 3rd period - Goal by Rocco Grimaldi - Sarnia Sailors : 2 - Tucson Roadrunners : 4.
7:05 of 3rd period - Matthew Nieto wins face-off versus Dominic Toninato in neutral zone.
7:08 of 3rd period - Snap shot by Carson Soucy.
7:08 of 3rd period - Stopped by Laurent Brossoit without a rebound.
7:09 of 3rd period - Justin Danforth wins face-off versus Dominic Toninato in Sarnia Sailors zone.
7:10 of 3rd period - Slapshot by Rocco Grimaldi.
7:10 of 3rd period - Stopped by Laurent Brossoit with a rebound.
7:12 of 3rd period - Slapshot by Carson Soucy.
7:12 of 3rd period - Stopped by Laurent Brossoit without a rebound.
7:13 of 3rd period - Justin Danforth wins face-off versus Dominic Toninato in Sarnia Sailors zone.
7:16 of 3rd period - Slapshot by Rocco Grimaldi.
7:16 of 3rd period - Shot Misses the Net.
7:18 of 3rd period - Slapshot by Rocco Grimaldi.
7:18 of 3rd period - Stopped by Laurent Brossoit with a rebound.
7:20 of 3rd period - Backhand shot by Robert Hagg.
7:20 of 3rd period - Deflect By Rocco Grimaldi.
7:20 of 3rd period - Stopped by Laurent Brossoit with a rebound.
7:22 of 3rd period - Snap shot by Justin Danforth.
7:22 of 3rd period - Shot Blocked by Keegan Kolesar.
7:24 of 3rd period - Snap shot by Rocco Grimaldi.
7:24 of 3rd period - Shot Misses the Net.
7:28 of 3rd period - Snap shot by Rocco Grimaldi.
7:28 of 3rd period - Stopped by Laurent Brossoit with a rebound.
7:34 of 3rd period - Minor Penalty to Dominic Toninato for Interference.
7:35 of 3rd period - Josh Dickinson wins face-off versus Justin Danforth in Sarnia Sailors zone.
7:44 of 3rd period - Wrist shot by Rocco Grimaldi.
7:44 of 3rd period - Shot Blocked by Alex Vlasic.
8:10 of 3rd period - Snap shot by William Carrier.
8:10 of 3rd period - Stopped by Laurent Brossoit with a rebound.
8:36 of 3rd period - Michael Dal Colle is hit by Nicolas Meloche and loses puck.
8:53 of 3rd period - Matthew Nieto is hit by Josh Dickinson and loses puck.
9:34 of 3rd period - Penalty to Dominic Toninato is over, Dominic Toninato is back on ice.
9:46 of 3rd period - Slapshot by Marian Studenic.
9:46 of 3rd period - Stopped by Laurent Brossoit with a rebound.
9:48 of 3rd period - Wrist shot by Mikhail Maltsev.
9:48 of 3rd period - Stopped by Laurent Brossoit without a rebound.
9:49 of 3rd period - Josh Dickinson wins face-off versus Mikhail Maltsev in Sarnia Sailors zone.
11:20 of 3rd period - Lukas Rousek is hit by Dylan McLaughlin and loses puck.
11:45 of 3rd period - Slapshot by Gage Goncalves.
11:45 of 3rd period - Stopped by Laurent Brossoit with a rebound.
11:50 of 3rd period - Off-side.
11:51 of 3rd period - Dominic Toninato wins face-off versus Scott Reedy in neutral zone.
12:06 of 3rd period - Snap shot by Scott Reedy.
12:06 of 3rd period - Shot Blocked by Jack Rathbone.
12:16 of 3rd period - Alex Vlasic is hit by Marian Studenic and loses puck.
12:31 of 3rd period - Slapshot by Keegan Kolesar.
12:31 of 3rd period - Shot Blocked by Marian Studenic.
13:09 of 3rd period - Backhand shot by Marian Studenic.
13:09 of 3rd period - Shot Blocked by Alex Vlasic.
13:14 of 3rd period - Minor Penalty to Jack Rathbone for Hooking.
13:15 of 3rd period - Matthew Nieto wins face-off versus Dylan McLaughlin in Sarnia Sailors zone.
13:41 of 3rd period - Michael Dal Colle is hit by Scott Reedy and loses puck.
14:11 of 3rd period - Rob Hamilton is hit by Matthew Highmore and loses puck.
14:23 of 3rd period - Off-side.
14:24 of 3rd period - Josh Dickinson wins face-off versus Justin Danforth in neutral zone.
14:51 of 3rd period - Michael Dal Colle is hit by Nicolas Meloche and loses puck.
15:14 of 3rd period - Penalty to Jack Rathbone is over, Jack Rathbone is back on ice.
15:22 of 3rd period - Snap shot by Connor Carrick.
15:22 of 3rd period - Shot Misses the Net.
15:24 of 3rd period - Wrist shot by Aleksi Heponiemi.
15:24 of 3rd period - Stopped by Jaroslav Halak with a rebound.
15:28 of 3rd period - Snap shot by Connor Carrick.
15:28 of 3rd period - Shot Misses the Net.
15:30 of 3rd period - Slapshot by Seth Barton.
15:30 of 3rd period - Deflect By Connor Carrick.
15:30 of 3rd period - Shot Misses the Net.
15:30 of 3rd period - Puck is out of play.
15:31 of 3rd period - Ben Jones wins face-off versus Yannick Weber in Tucson Roadrunners zone.
15:57 of 3rd period - Simon Benoit is hit by Connor Carrick and loses puck.
16:07 of 3rd period - Off-side.
16:08 of 3rd period - Justin Danforth wins face-off versus Dominic Toninato in neutral zone.
16:15 of 3rd period - David Warsofsky is hit by Justin Danforth and loses puck.
16:20 of 3rd period - Snap shot by Rocco Grimaldi.
16:20 of 3rd period - Shot Blocked by Vasily Podkolzin.
16:22 of 3rd period - Wrist shot by Justin Danforth.
16:22 of 3rd period - Deflect By Vasily Podkolzin.
16:22 of 3rd period - Stopped by Laurent Brossoit with a rebound.
16:24 of 3rd period - Wrist shot by Matthew Nieto.
16:24 of 3rd period - Goal by Matthew Nieto - Sarnia Sailors : 2 - Tucson Roadrunners : 5.
16:25 of 3rd period - Justin Danforth wins face-off versus Keegan Kolesar in neutral zone.
16:34 of 3rd period - Snap shot by Dominic Toninato.
16:34 of 3rd period - Goal by Dominic Toninato - Sarnia Sailors : 3 - Tucson Roadrunners : 5.
16:35 of 3rd period - Dominic Turgeon wins face-off versus Mikhail Maltsev in neutral zone.
16:45 of 3rd period - Snap shot by Marian Studenic.
16:45 of 3rd period - Shot Misses the Net.
17:23 of 3rd period - Andre Lee is hit by Chris Wideman and loses puck.
17:48 of 3rd period - Snap shot by William Carrier.
17:48 of 3rd period - Shot Misses the Net.
17:50 of 3rd period - Wrist shot by William Carrier.
17:50 of 3rd period - Shot Misses the Net.
18:24 of 3rd period - Wrist shot by Rocco Grimaldi.
18:24 of 3rd period - Stopped by Laurent Brossoit with a rebound.
18:26 of 3rd period - Slapshot by Michal Kempny.
18:26 of 3rd period - Shot Blocked by David Warsofsky.
18:28 of 3rd period - Slapshot by Michal Kempny.
18:28 of 3rd period - Deflect By Rocco Grimaldi.
18:28 of 3rd period - Shot Misses the Net.
18:28 of 3rd period - Puck is out of play.
18:29 of 3rd period - Justin Danforth wins face-off versus Josh Dickinson in Sarnia Sailors zone.
18:32 of 3rd period - Wrist shot by Rocco Grimaldi.
18:32 of 3rd period - Stopped by Laurent Brossoit with a rebound.
18:34 of 3rd period - Minor Penalty to Chris Wideman for Hooking.
18:35 of 3rd period - Dominic Toninato wins face-off versus Justin Danforth in Sarnia Sailors zone.
18:46 of 3rd period - Slapshot by Matthew Nieto.
18:46 of 3rd period - Stopped by Laurent Brossoit with a rebound.
19:08 of 3rd period - Wrist shot by Dylan McLaughlin.
19:08 of 3rd period - Shot Misses the Net.
19:11 of 3rd period - Icing by Nicolas Meloche.
19:12 of 3rd period - Dominic Toninato wins face-off versus Scott Reedy in Tucson Roadrunners zone.
19:27 of 3rd period - Slapshot by William Carrier.
19:27 of 3rd period - Goal by William Carrier - Sarnia Sailors : 3 - Tucson Roadrunners : 6.
19:28 of 3rd period - Justin Danforth wins face-off versus Vasily Podkolzin in neutral zone.
19:31 of 3rd period - Slapshot by Carson Soucy.
19:31 of 3rd period - Deflect By Rocco Grimaldi.
19:31 of 3rd period - Shot Misses the Net.
19:31 of 3rd period - Puck is out of play.
19:32 of 3rd period - Justin Danforth wins face-off versus Dominic Toninato in Sarnia Sailors zone.
19:34 of 3rd period - Icing by Alex Vlasic.
19:35 of 3rd period - Dominic Toninato wins face-off versus Justin Danforth in Sarnia Sailors zone.
19:50 of 3rd period - Slapshot by Vasily Podkolzin.
19:50 of 3rd period - Shot Blocked by Robert Hagg.
Goals for this period are 1 for Sarnia Sailors vs 3 for Tucson Roadrunners.
Shots for this period are 12 for Sarnia Sailors vs 21 for Tucson Roadrunners.
Back to the Top